Map: Blackpink LE

Players

Emu - Winner!

  • Race: Zerg Zerg
  • League: Platinum
  • Spawn Location: 1:00

scargkON

  • Race: Protoss Protoss
  • League: Platinum
  • Spawn Location: 7:00

VOD

Have the link to the VOD?

Description

neuroW combocast

Time

  • Played on: April 20, 2018, 5:18 p.m.
  • Length: 25:48
Show
View Real Time Build Order
Export as new Build Order

Emu Zerg - Winner!

Build Orders: Pool First 

Get SALT Encoding   

  12  0:01  Drone  
  13  0:12  Overlord  
  13  0:19  Drone  
  14  0:31  Drone x2  
  16  0:36  Drone  
  17  1:07  Drone, Overlord  
  17  1:08  Spawning Pool  
  17  1:19  Hatchery  
  17  1:23  Drone  
  17  1:24  Drone  
  18  1:29  Extractor  
  18  1:31  Drone  
  18  1:55  Zergling x4  
  18  1:56  Queen  
  22  2:03  Drone  
  23  2:15  Drone  
  24  2:30  Drone  
  24  2:32  Queen  
  24  2:33  Metabolic Boost  
  27  2:43  Drone  
  27  2:44  Drone  
  29  2:46  Extractor  
  29  2:47  Drone x2, Queen  
  32  2:53  Drone  
  33  3:09  Drone  
  33  3:10  Drone  
  33  3:11  Drone  
  36  3:12  Overlord  
  36  3:13  Overlord  
  36  3:14  Lair  
  36  3:31  Hatchery  
  35  3:50  Drone x3  
  38  3:56  Drone x4, Roach Warren  
  38  4:02  Drone  
  42  4:03  Drone  
  42  4:08  Drone x2  
  45  4:17  Hydralisk Den  
  45  4:22  Drone  
  38  4:25  Spore Crawler  
  34  4:33  Drone  
  34  4:34  Drone x3  
  34  4:35  Drone  
  39  4:39  Glial Reconstitution  
  39  4:51  Drone  
  39  4:52  Drone x3  
  43  4:53  Drone  
  44  5:03  Overseer  
  43  5:16  Drone x3  
  43  5:17  Drone  
  43  5:18  Drone x6  
  43  5:19  Drone  
  54  5:22  Drone  
  54  5:26  Queen  
  57  5:28  Overlord  
  57  5:37  Overlord  
  57  5:41  Grooved Spines  
  57  5:46  Evolution Chamber  
  57  5:50  Drone  
  57  5:52  Hydralisk  
  57  5:53  Hydralisk x3  
  65  5:58  Overlord  
  65  6:05  Extractor x2  
  63  6:12  Zerg Missile Weapons Level 1  
  63  6:13  Overlord x2  
  63  6:14  Hydralisk  
  65  6:20  Drone x2  
  65  6:21  Overlord x2  
  65  6:23  Roach  
  65  6:24  Roach x2  
  73  6:35  Hydralisk  
  73  6:36  Hydralisk x5  
  85  6:42  Overlord  
  85  6:45  Overseer  
  85  6:57  Overlord x2  
  85  6:59  Roach  
  85  7:00  Roach x4  
  95  7:05  Roach  
  96  7:17  Roach  
  96  7:18  Roach x2  
  96  7:22  Drone x2  
  104  7:27  Extractor  
  104  7:29  Extractor  
  96  7:45  Roach  
  96  7:46  Roach x5  
  92  8:05  Roach  
  92  8:06  Roach x3  
  96  8:22  Roach  
  96  8:23  Roach x3  
  96  8:24  Zergling x2  
  96  8:25  Zergling x12  
  111  8:44  Drone x3  
  111  8:45  Drone x2  
  114  9:02  Drone x4  
  118  9:07  Drone x4  
  118  9:08  Drone x3  
  125  9:18  Queen  
  125  9:19  Queen  
  125  9:21  Overlord x5  
  125  9:22  Queen, Hatchery, Overlord x2  
  130  9:26  Zerg Missile Weapons Level 2  
  130  9:27  Hatchery  
  130  9:29  Muscular Augments  
  129  9:53  Hydralisk x6  
  129  9:59  Infestation Pit  
  140  10:17  Drone  
  140  10:18  Drone x6  
  140  10:19  Overlord x3  
  140  10:20  Overlord  
  147  10:26  Overseer  
  147  10:28  Spine Crawler  
  147  10:29  Extractor x2, Spore Crawler  
  143  10:52  Drone x2  
  145  10:58  Drone x2  
  145  10:59  Drone x2  
  149  11:07  Hive  
  147  11:12  Drone x2  
  147  11:13  Drone  
  150  11:31  Hydralisk x2  
  150  11:32  Hydralisk x3  
  158  11:35  Overlord x4  
  160  11:41  Queen  
  160  11:42  Drone x2  
  160  11:46  Extractor  
  160  11:47  Extractor  
  162  11:49  Drone  
  162  11:50  Drone x2  
  165  11:57  Overseer  
  165  12:16  Zerg Melee Weapons Level 1  
  165  12:18  Ultralisk Cavern  
  138  13:04  Roach  
  138  13:05  Roach x11  
  147  13:10  Ultralisk x3  
  165  13:14  Ultralisk x3  
  183  13:26  Ultralisk x2  
  195  13:28  Hydralisk x2  
  199  13:43  Chitinous Plating  
  199  13:57  Drone  
  200  14:28  Overseer  
  188  14:56  Hydralisk x3  
  188  14:58  Roach  
  188  14:59  Roach x5  
  162  15:20  Roach  
  162  15:21  Roach x20  
  178  15:32  Overseer  
  178  15:34  Ultralisk x4  
  198  15:44  Drone  
  199  16:04  Zerg Ground Armor Level 1  
  199  16:05  Overlord  
  199  16:06  Overlord  
  151  16:55  Hydralisk  
  151  16:56  Hydralisk x6  
  151  16:58  Ultralisk x5  
  159  17:03  Drone x2  
  161  17:17  Drone  
  162  17:24  Ultralisk x3  
  162  17:25  Ultralisk x2  
  162  17:26  Hatchery, Hydralisk x4  
  199  17:35  Hatchery  
  198  18:05  Zerg Ground Armor Level 2  
  198  18:09  Evolution Chamber  
  191  18:39  Extractor x2  
  121  19:05  Overseer  
  121  19:16  Overseer  
  121  19:23  Roach  
  139  19:24  Hydralisk, Roach x12  
  139  19:25  Hydralisk x13  
  175  19:33  Ultralisk x4  
  199  19:53  Overseer x2  
  199  19:54  Overseer x2  
  199  20:14  Pneumatized Carapace  
  125  21:22  Roach  
  125  21:23  Roach x15  
  125  21:24  Hydralisk x8  
  135  21:41  Zergling x2  
  135  21:42  Zergling x12  
  135  21:45  Adrenal Glands  
  142  21:52  Drone  
  143  21:55  Drone  
  143  22:00  Drone  
  145  22:14  Ultralisk  
  145  22:15  Ultralisk x4  
  175  22:16  Ultralisk  
  175  22:17  Hydralisk x9  
  199  22:28  Zerg Melee Weapons Level 2  
  176  23:13  Zergling x20  
  176  23:14  Zergling x22  
  187  23:29  Overseer x2  
  187  23:37  Overlord  
  187  23:40  Roach x5  
  199  23:46  Drone  
  199  23:47  Spore Crawler  
  199  23:49  Spine Crawler  
  161  24:24  Hydralisk x3  
  161  24:25  Hydralisk x11  
  189  24:32  Spire  
  189  24:36  Drone x2  
  190  24:40  Spore Crawler  
  190  24:41  Spine Crawler  
  188  24:50  Roach x7  
  188  24:51  Roach x2  
Show
View Real Time Build Order
Export as new Build Order

scargkON Protoss 

Build Orders: 1 Gate Expand, Oracle Opening, Phoenix Opening 

Get SALT Encoding   

  12  0:01  Probe  
  13  0:13  Probe  
  14  0:20  Pylon  
  14  0:24  Probe  
  15  0:34  Probe  
  15  0:40  Gateway  
  16  0:45  Assimilator  
  16  0:47  Probe  
  17  1:01  Probe  
  18  1:04  Pylon  
  18  1:13  Probe  
  19  1:25  Probe  
  20  1:35  Nexus  
  20  1:48  Cybernetics Core  
  20  1:52  Assimilator  
  20  2:02  Probe  
  20  2:05  Pylon  
  21  2:14  Probe  
  22  2:26  Stargate, Probe  
  22  2:32  Adept  
  24  2:46  Gateway  
  24  2:49  Probe  
  25  2:51  Probe  
  26  3:01  Probe, Adept  
  26  3:03  Oracle, Probe  
  33  3:20  Probe  
  33  3:21  Probe  
  33  3:24  Warp Gate  
  35  3:36  Adept  
  35  3:37  Probe x2  
  39  3:54  Phoenix  
  41  3:57  Probe  
  41  3:59  Probe  
  41  4:02  Assimilator  
  43  4:04  Robotics Facility  
  43  4:09  Probe  
  44  4:11  Probe  
  45  4:21  Probe  
  46  4:35  Gateway  
  46  4:38  Pylon  
  46  4:43  Pylon  
  46  4:45  Shield Battery  
  46  4:50  Assimilator  
  46  4:56  Probe x2, Phoenix  
  50  5:08  Probe x2  
  52  5:19  Immortal  
  52  5:20  Probe x2  
  58  5:32  Probe x2  
  58  5:35  Adept  
  62  5:44  Pylon  
  62  5:47  Pylon  
  62  6:02  Probe x2  
  62  6:04  Nexus  
  64  6:05  Pylon  
  64  6:08  Pylon, Twilight Council  
  64  6:13  Gateway, Immortal  
  64  6:14  Sentry, Probe x2  
  64  6:15  Gateway  
  72  6:26  Probe x2  
  72  6:32  Assimilator  
  74  6:34  Assimilator  
  74  6:38  Gateway  
  74  6:39  Probe x2  
  76  6:40  Forge  
  76  6:41  Charge  
  76  6:46  Gateway  
  76  6:51  Forge, Probe  
  77  6:59  Probe, Templar Archives  
  78  7:17  Photon Cannon  
  78  7:18  Photon Cannon  
  78  7:20  Probe  
  78  7:22  Probe x2  
  81  7:26  Immortal  
  85  7:32  Probe  
  85  7:34  Probe x2  
  88  7:43  Stalker x2  
  88  7:44  Stalker x2  
  77  8:04  Probe  
  66  8:08  Zealot x5  
  66  8:09  Probe  
  66  8:11  Immortal  
  76  8:14  Psionic Storm  
  76  8:18  Probe  
  70  8:24  Probe  
  67  8:31  Stalker x3  
  67  8:32  Stalker x2  
  77  8:48  Gateway  
  77  8:50  Gateway  
  77  9:02  Pylon  
  77  9:04  Pylon  
  77  9:06  Pylon  
  77  9:09  Dark Shrine  
  75  9:13  High Templar  
  77  9:22  Pylon, High Templar x3  
  77  9:23  High Templar  
  85  9:24  Pylon  
  85  9:40  Immortal  
  89  9:45  Protoss Ground Weapons Level 1  
  89  9:48  Protoss Ground Armor Level 1  
  89  9:50  High Templar  
  89  9:51  Zealot  
  93  10:00  Zealot  
  93  10:01  Zealot x3  
  101  10:27  Nexus  
  101  10:30  Pylon  
  101  10:32  Pylon, Nexus  
  101  10:33  Pylon  
  105  10:44  Observer  
  102  10:50  Pylon  
  102  10:53  Pylon  
  102  10:58  Pylon  
  102  11:02  Photon Cannon  
  102  11:04  Probe, Photon Cannon  
  103  11:07  Photon Cannon  
  103  11:12  Gateway x2  
  103  11:14  Gateway, High Templar x3  
  103  11:17  High Templar  
  111  11:29  Photon Cannon  
  111  11:30  Photon Cannon  
  111  11:44  Pylon, Probe  
  112  11:47  Probe x2  
  114  11:56  Probe  
  114  11:58  Observer  
  116  12:04  Photon Cannon x2  
  116  12:08  Pylon, Probe  
  117  12:11  Protoss Ground Weapons Level 2  
  117  12:16  Protoss Ground Armor Level 2  
  117  12:25  Photon Cannon  
  118  12:30  Probe  
  104  13:07  Stalker x4  
  104  13:08  Stalker x2  
  116  13:13  High Templar  
  116  13:14  High Templar x2  
  116  13:15  High Templar  
  124  13:21  Photon Cannon  
  124  13:22  Probe, Photon Cannon  
  124  13:25  Probe, Photon Cannon  
  124  13:26  Photon Cannon  
  126  13:28  Photon Cannon  
  126  13:29  Photon Cannon  
  126  13:31  Assimilator, Pylon  
  126  13:33  Assimilator, Pylon  
  126  13:34  Pylon, Probe  
  127  13:37  Assimilator  
  127  13:38  Blink  
  127  13:47  Robotics Facility  
  127  13:50  Robotics Facility  
  127  13:54  Probe  
  128  14:02  Assimilator  
  128  14:10  Photon Cannon  
  128  14:13  High Templar x3  
  128  14:14  Photon Cannon  
  134  14:17  Photon Cannon  
  134  14:22  Photon Cannon  
  134  14:24  Photon Cannon  
  134  14:25  Photon Cannon  
  134  14:28  Probe  
  135  14:32  Photon Cannon  
  116  14:53  Probe  
  110  15:03  Nexus  
  110  15:27  Probe  
  105  15:30  Probe, Nexus  
  105  15:32  Pylon  
  105  15:35  Pylon  
  104  15:36  Probe  
  104  15:37  Pylon  
  104  15:39  Probe  
  104  15:40  Pylon  
  106  15:47  Assimilator  
  106  15:48  Probe  
  106  15:49  Assimilator  
  107  15:51  Probe  
  107  15:55  High Templar x5  
  107  15:56  Zealot x3  
  124  15:57  Probe  
  124  16:01  Immortal x2  
  129  16:21  Probe  
  130  16:29  Nexus, Probe  
  130  16:30  Photon Cannon  
  131  16:34  Dark Templar  
  111  16:57  Dark Templar x5  
  114  17:03  Probe x2  
  114  17:07  Probe  
  117  17:12  Assimilator  
  117  17:15  Probe, Photon Cannon  
  117  17:17  Pylon  
  117  17:20  Pylon  
  118  17:28  Photon Cannon  
  118  17:30  High Templar  
  118  17:31  Photon Cannon  
  120  17:43  Probe  
  121  17:44  Archon  
  121  17:47  Immortal x2  
  129  17:52  Probe  
  129  17:57  High Templar x2  
  129  17:58  High Templar x5  
  142  18:04  Pylon  
  144  18:05  Archon x2  
  144  18:06  Archon  
  144  18:13  Probe  
  145  18:25  Probe  
  146  18:30  Immortal x2  
  146  18:31  Immortal  
  158  18:37  Probe  
  155  18:47  Dark Templar x2  
  135  19:00  High Templar  
  135  19:02  Probe  
  138  19:08  Assimilator  
  138  19:11  Probe  
  138  19:12  Assimilator  
  138  19:14  Photon Cannon  
  138  19:16  Photon Cannon  
  139  19:18  Photon Cannon  
  139  19:20  Protoss Ground Weapons Level 3, Photon Cannon  
  139  19:29  Probe  
  139  19:30  Zealot x4  
  148  19:34  Immortal  
  152  19:42  Shadow Stride  
  152  19:53  Probe  
  153  20:02  Gateway, Probe  
  153  20:08  Photon Cannon  
  153  20:09  Photon Cannon  
  153  20:10  Photon Cannon  
  153  20:11  Probe, Photon Cannon  
  153  20:12  Probe  
  153  20:14  Zealot x3  
  153  20:16  Pylon, Stalker  
  153  20:17  Nexus  
  153  20:18  Pylon  
  153  20:19  High Templar  
  136  20:51  Photon Cannon  
  136  20:52  Stalker, Photon Cannon  
  136  20:53  Stalker x5  
  148  20:57  Pylon  
  111  21:21  Dark Templar  
  111  21:22  Dark Templar  
  111  21:23  Zealot  
  100  21:32  Immortal  
  91  21:55  Photon Cannon, High Templar  
  91  21:56  Zealot x3, Photon Cannon  
  91  21:57  Zealot x3  
  91  21:58  Photon Cannon  
  91  22:00  Photon Cannon  
  105  22:02  Photon Cannon  
  105  22:03  Photon Cannon  
  105  22:05  Photon Cannon  
  105  22:07  Photon Cannon  
  105  22:08  Photon Cannon  
  105  22:10  Photon Cannon  
  105  22:11  Probe  
  105  22:12  Assimilator  
  106  22:23  Probe  
  106  22:27  Photon Cannon  
  107  22:31  Pylon  
  107  22:33  Dark Templar, Photon Cannon  
  107  22:35  Probe  
  110  22:48  Zealot x2  
  114  22:54  Photon Cannon  
  114  22:56  Dark Templar x3  
  114  22:57  Pylon  
  120  22:59  Dark Templar  
  105  23:15  Nexus  
  105  23:16  Pylon  
  98  23:24  Immortal  
  102  23:37  Pylon  
  102  23:40  Photon Cannon  
  102  23:41  Photon Cannon  
  89  24:06  Stalker x5  
  89  24:07  Stalker x4  
  71  24:31  Photon Cannon  
  71  24:33  Photon Cannon  
  71  24:43  High Templar x5  
  81  24:46  Probe  
  80  24:58  Probe  
  75  25:09  Zealot x4  
  75  25:10  Zealot, Probe  
  75  25:22  Probe  
Tags
 
Add a new tag
Caveats
  • Supply blocks, unpowered buildings, or Contaminate may cause inaccurate times.
  • Supply counts are checked every 10 seconds.